Map: Catalyst LE

Players

PLT - Winner!

  • Race: Terran Terran
  • League: Diamond
  • Spawn Location: 11:00

Dessa

  • Race: Zerg Zerg
  • League: Diamond
  • Spawn Location: 5:00

VOD

Have the link to the VOD?

Description

Time

  • Played on: Dec. 11, 2017, 6:26 a.m.
  • Length: 10:25
Show
View Real Time Build Order
Export as new Build Order

PLT Terran - Winner!

Build Orders: Reaper Expand, MMM Bio 

Get SALT Encoding   

  12  0:01  SCV  
  13  0:13  SCV  
  14  0:18  Supply Depot  
  14  0:25  SCV  
  15  0:39  SCV  
  15  0:41  Barracks  
  16  0:44  Refinery  
  16  0:51  SCV  
  17  1:03  SCV  
  18  1:15  SCV  
  19  1:28  Orbital Command  
  19  1:29  Reaper  
  20  1:41  Command Center  
  20  1:53  Supply Depot  
  20  1:54  SCV  
  20  1:58  Refinery  
  21  2:09  SCV  
  21  2:13  Barracks Reactor  
  22  2:21  SCV  
  23  2:27  Factory  
  23  2:33  SCV  
  24  2:45  SCV  
  25  2:54  Marine x2  
  25  2:55  Orbital Command  
  25  2:57  SCV  
  28  3:10  SCV  
  29  3:14  Starport  
  29  3:22  SCV x2  
  31  3:27  Hellion x2, Barracks Tech Lab  
  31  3:34  SCV x2  
  37  3:46  SCV x2  
  37  3:47  Marine  
  37  3:48  Supply Depot  
  40  3:49  Hellion x2, Stimpack  
  40  3:50  Supply Depot  
  44  4:00  Medivac  
  45  4:03  SCV, Armory  
  45  4:09  SCV  
  47  4:10  Hellion x2  
  47  4:17  SCV  
  52  4:20  Marine  
  53  4:28  Command Center  
  53  4:41  SCV x2  
  53  4:45  Refinery  
  55  4:46  Marine, Starport Reactor  
  55  4:47  Refinery  
  55  4:52  Factory Reactor  
  56  4:53  SCV  
  56  4:54  SCV, Barracks  
  58  5:01  Barracks  
  58  5:04  Supply Depot  
  58  5:05  SCV  
  59  5:13  Hellion x4  
  59  5:17  SCV, Marine  
  59  5:18  SCV  
  62  5:30  SCV x2  
  64  5:42  SCV x2  
  66  5:46  Marine x2  
  68  5:54  SCV x2  
  68  5:55  Orbital Command  
  70  6:01  Medivac x2  
  70  6:02  Combat Shields, Marauder  
  76  6:04  Marine x2  
  76  6:06  SCV x2  
  76  6:10  Factory Tech Lab  
  80  6:13  Engineering Bay  
  80  6:15  Barracks, Engineering Bay  
  80  6:17  Barracks  
  80  6:18  SCV x2, Marine x2  
  80  6:25  Orbital Command  
  84  6:29  Marine  
  85  6:45  Supply Depot  
  85  6:50  SCV x2, Supply Depot, Cyclone, Marine x3  
  85  6:52  Supply Depot  
  85  6:53  Supply Depot, Terran Infantry Weapons Level 1, Terran Infantry Armor Level 1  
  93  6:55  Marine x2  
  93  7:04  Barracks Reactor x2  
  93  7:07  SCV, Medivac x2  
  96  7:14  Marine x3  
  99  7:16  Marine  
  99  7:18  Marauder  
  99  7:20  SCV x3  
  99  7:22  Siege Tank  
  106  7:32  SCV x3, Marine x2  
  109  7:44  SCV x3  
  109  7:50  Marine x3  
  109  7:51  Marine x5  
  118  7:52  Marauder  
  118  7:56  SCV x3  
  125  8:07  Concussive Shells  
  125  8:10  Refinery  
  125  8:11  Refinery  
  125  8:20  Missile Turret  
  125  8:22  Missile Turret  
  125  8:23  SCV  
  125  8:24  SCV x2, Missile Turret  
  125  8:25  Marauder  
  125  8:26  Siege Tank  
  124  8:27  Marine  
  124  8:28  Marine  
  124  8:33  Marine x6  
  131  8:37  Supply Depot  
  131  8:38  Supply Depot  
  131  8:46  Barracks x2  
  131  8:47  Marine x2  
  133  8:49  Missile Turret x2  
  133  8:50  Missile Turret  
  133  8:52  Missile Turret  
  133  8:53  Missile Turret  
  131  8:57  Supply Depot  
  131  8:58  SCV x3  
  131  8:59  Marine x2  
  131  9:00  Marine x4  
  131  9:01  Supply Depot, Siege Tank  
  140  9:10  SCV x2  
  140  9:11  Marine x3  
  145  9:21  Marine x5  
  145  9:22  SCV x2, Liberator  
  145  9:24  Liberator  
  152  9:26  Marine  
  152  9:27  SCV  
  152  9:28  Marine  
  152  9:29  Marine, Marauder  
  158  9:33  Siege Tank  
  158  9:34  SCV  
  158  9:37  Supply Depot  
  144  9:55  Marine x5  
  144  9:56  Marauder  
  139  10:03  Marine x2  
  139  10:04  SCV  
  139  10:05  SCV  
Show
View Real Time Build Order
Export as new Build Order

Dessa Zerg 

Build Orders: Hatch First, Muta Ling Bane 

Get SALT Encoding   

  12  0:01  Drone  
  13  0:13  Overlord  
  13  0:17  Drone  
  14  0:31  Drone x2  
  16  0:38  Drone  
  17  0:53  Hatchery  
  16  0:57  Drone  
  17  1:11  Spawning Pool  
  17  1:14  Drone  
  17  1:17  Extractor  
  16  1:19  Drone  
  16  1:23  Drone  
  18  1:38  Overlord  
  18  1:55  Drone  
  18  1:57  Queen  
  18  1:59  Zergling x2  
  22  2:05  Queen  
  22  2:08  Drone x2  
  26  2:23  Metabolic Boost  
  26  2:26  Drone x3  
  29  2:35  Spine Crawler  
  27  2:58  Zergling x6  
  27  3:02  Drone, Overlord  
  32  3:09  Drone, Extractor  
  32  3:24  Drone  
  32  3:25  Drone x2  
  32  3:26  Overlord  
  35  3:39  Drone x4  
  35  3:40  Drone x2  
  41  4:15  Drone  
  43  4:17  Drone x3, Overlord, Baneling Nest  
  43  4:19  Drone  
  43  4:20  Drone  
  43  4:21  Drone  
  43  4:22  Extractor  
  43  4:23  Extractor  
  43  4:43  Zergling x12  
  49  4:48  Lair  
  49  4:52  Queen  
  51  5:00  Zergling x12  
  51  5:01  Zergling x2  
  58  5:17  Zergling x4  
  58  5:18  Baneling  
  58  5:19  Baneling x8  
  60  5:33  Overlord x2  
  60  5:46  Queen  
  58  5:55  Drone  
  58  5:56  Drone x2  
  61  6:16  Drone x2  
  61  6:17  Overlord  
  63  6:19  Drone x3, Spire  
  63  6:24  Hatchery  
  64  6:27  Drone x2  
  64  6:28  Evolution Chamber  
  64  6:29  Evolution Chamber  
  64  6:39  Overlord  
  64  6:44  Centrifical Hooks  
  64  6:46  Drone x3  
  64  7:26  Zerg Melee Weapons Level 1  
  64  7:27  Zerg Ground Armor Level 1, Overlord x2  
  64  7:33  Zergling x6  
  65  7:48  Queen  
  67  7:51  Mutalisk x2  
  67  7:52  Mutalisk x5  
  67  7:55  Zergling x6  
  84  8:11  Mutalisk x2  
  84  8:12  Overlord x2  
  88  8:15  Drone x5  
  91  8:32  Mutalisk x2  
  95  8:36  Drone x6  
  95  8:40  Zergling x6  
  104  8:42  Baneling x4  
  104  8:43  Baneling  
  104  8:46  Zergling x8  
  106  9:14  Zergling x4  
  106  9:15  Zergling x6  
  111  9:21  Zergling x4  
  111  9:22  Extractor  
  111  9:23  Hatchery, Overlord x2  
  111  9:26  Extractor  
  101  9:55  Zergling x20  
  93  10:02  Zergling x6  
  90  10:08  Zergling x2  
Tags
 
Add a new tag
Caveats
  • Supply blocks, unpowered buildings, or Contaminate may cause inaccurate times.
  • Supply counts are checked every 10 seconds.